AoeStats
← Fatamon6

Black Forest

506373959Analyzed
4v4 RM · 19d ago on Sep 13, 2026· 94m 40s· 8 players
Game mode
Random Map
Map size
Large (8 player)
Population
200
Speed
Normal
Resources
Standard
Victory
Conquest
Starting age
Dark Age
Ending age
Imperial Age
RankedLock teamsTeams togetherTeam positionsShared explorationLock speedFull tech treeHidden civsTurbo modeCheats
Victory
Defeat
🇦🇺 Wu · Australia
992
+14
🇻🇳 Britons · Vietnam
930
+17
🇦🇹 Lithuanians · Austria
915
+17
🇨🇳 Turks · China
911
+17
🇧🇷 Aztecs · Brazil
990
-18
🇩🇪 Italians · Germany
987
-18
🇦🇷 Persians · Argentina
913
-15
🇨🇱 Celts · Chile
882
-14
jbw6792
0:27 Loom
11:35 Feudal Age
15:49 Castle Age
14:45 Double-Bit Axe
14:44 Horse Collar
17:56 Bow Saw
21:27 Wheelbarrow
24:34 Gold Mining
29:33 Red Cliffs Tactics
32:20 Imperial Age
29:53 Stone Mining
30:10 Heavy Plow
31:54 Fletching
32:05 Padded Archer Armor
32:39 Ballistics
32:36 Elite Fire Archer
33:39 Conscription
33:22 Husbandry
33:35 Bloodlines
32:47 Heavy Hei Guang Cavalry
33:25 Bodkin Arrow
34:16 Leather Archer Armor
34:12 Forging
34:08 Scale Barding Armor
34:44 Bracer
36:42 Iron Casting
37:31 Chain Barding Armor
42:17 Plate Barding Armor
42:11 Sitting Tiger
46:28 Blast Furnace
48:32 Treadmill Crane
49:53 Chemistry
49:06 Guilds
48:57 Caravan
54:29 Hand Cart
69:16 Scale Mail Armor
69:57 Squires
71:44 Chain Mail Armor
77:11 Plate Mail Armor
626464865
0:29 Loom
14:32 Feudal Age
19:59 Castle Age
18:11 Double-Bit Axe
19:33 Horse Collar
27:41 Wheelbarrow
27:38 Bow Saw
28:56 Stone Mining
31:18 Fortified Wall
31:30 Hand Cart
31:07 Town Watch
31:51 Padded Archer Armor
32:00 Scale Barding Armor
33:11 Ballistics
33:19 Gold Mining
34:22 Heavy Plow
37:48 Imperial Age
35:58 Masonry
36:42 Guard Tower
38:32 Artillery
41:12 Heavy Scorpion
45:05 Treadmill Crane
46:24 Bloodlines
46:16 Husbandry
49:49 Chain Barding Armor
49:39 Forging
52:44 Plate Barding Armor
52:45 Iron Casting
59:23 Gold Shaft Mining
61:57 Blast Furnace
75:28 Guilds
80:43 Conscription
Only 1 call a day
0:35 Loom
12:06 Feudal Age
18:05 Castle Age
23:40 Double-Bit Axe
24:58 Wheelbarrow
24:08 Horse Collar
24:41 Bow Saw
25:58 Caravan
31:07 Imperial Age
29:00 Squires
29:14 Forging
30:08 Heavy Plow
30:35 Fletching
31:20 Iron Casting
30:45 Padded Archer Armor
30:56 Stone Mining
30:56 Gold Mining
31:45 Hand Cart
31:32 Treadmill Crane
32:13 Ballistics
31:59 Bodkin Arrow
32:27 Pikeman
32:53 Gambesons
33:35 Leather Archer Armor
34:21 Blast Furnace
33:56 Conscription
35:03 Chemistry
35:22 Gold Shaft Mining
35:51 Two-Man Saw
35:07 Elite Longbowman
37:06 Yeomen
36:53 Bracer
38:03 Coinage
38:16 Guilds
38:48 Ring Archer Armor
39:29 Warwolf
39:34 Scale Mail Armor
39:18 Halberdier
40:29 Chain Mail Armor
43:34 Banking
43:11 Scale Barding Armor
43:38 Plate Mail Armor
43:20 Siege Engineers
69:02 Hoardings
68:51 Fortified Wall
68:54 Masonry
70:09 Man-at-Arms
70:41 Long Swordsman
71:29 Two-Handed Swordsman
71:56 Arson
72:06 Champion
Fatamon6
9:59 Feudal Age
9:33 Loom
11:30 Horse Collar
14:17 Castle Age
12:03 Horse Collar
12:29 Double-Bit Axe
16:00 Wheelbarrow
16:24 Heavy Plow
16:40 Bow Saw
18:51 Fletching
19:05 Elite Skirmisher
23:46 Gold Mining
25:45 Husbandry
25:55 Bloodlines
26:29 Hand Cart
26:05 Town Watch
27:04 Stone Mining
27:56 Forging
27:41 Bodkin Arrow
31:24 Imperial Age
29:42 Forging
29:33 Padded Archer Armor
31:10 Iron Casting
30:41 Scale Barding Armor
31:42 Ballistics
33:29 Two-Man Saw
31:53 Cavalier
33:01 Leather Archer Armor
32:47 Bracer
33:21 Crop Rotation
33:29 Stone Shaft Mining
36:35 Ring Archer Armor
36:25 Chain Barding Armor
35:31 Paladin
40:51 Thumb Ring
42:11 Chemistry
41:06 Murder Holes
42:36 Conscription
42:16 Hill Forts
42:18 Tower Shields
42:55 Hoardings
51:24 Town Patrol
4ze3p0
11:42 Feudal Age
13:20 Wheelbarrow
12:47 Double-Bit Axe
20:00 Castle Age
19:14 Gold Mining
20:18 Fletching
21:30 Bow Saw
22:45 Bodkin Arrow
23:47 Padded Archer Armor
25:39 Hand Cart
25:54 Hand Cart
31:00 Imperial Age
33:42 Imperial Age
32:59 Scale Mail Armor
33:10 Forging
34:32 Chain Mail Armor
36:07 Horse Collar
37:08 Plate Mail Armor
37:49 Ballistics
38:31 Chemistry
39:37 Squires
39:23 Arson
40:47 Iron Casting
41:53 Conscription
41:39 Bracer
41:57 Caravan
43:34 Leather Archer Armor
43:27 Thumb Ring
45:02 Bombard Tower
44:48 Elite Genoese Crossbowman
46:55 Crossbowman
47:32 Arbalester
49:14 Blast Furnace
48:45 Ring Archer Armor
52:26 Elite Skirmisher
65:24 Light Cavalry
66:15 Bloodlines
67:17 Hussar
68:49 Husbandry
70:44 Pikeman
72:33 Two-Man Saw
75:10 Scale Barding Armor
juanppalacio
13:11 Feudal Age
13:49 Double-Bit Axe
21:48 Castle Age
21:47 Wheelbarrow
22:32 Bow Saw
22:14 Horse Collar
22:27 Gold Mining
22:28 Stone Mining
24:17 Heavy Plow
27:05 Hand Cart
31:30 Imperial Age
30:15 Kamandaran
30:22 Padded Archer Armor
29:57 Crossbowman
31:57 Gold Shaft Mining
33:10 Chemistry
32:34 Scale Mail Armor
32:45 Forging
32:51 Squires
34:09 Conscription
34:18 Fletching
35:09 Thumb Ring
36:33 Leather Archer Armor
36:14 Bodkin Arrow
37:10 Stone Shaft Mining
39:29 Pikeman
46:42 Pikeman
87:52 Two-Man Saw
90:55 Halberdier
wardjawulf
8:36 Loom
15:22 Feudal Age
16:43 Wheelbarrow
15:51 Horse Collar
16:08 Double-Bit Axe
16:38 Gold Mining
16:39 Stone Mining
25:11 Castle Age
26:11 Hand Cart
26:30 Bow Saw
26:23 Heavy Plow
28:01 Gold Shaft Mining
28:02 Stone Shaft Mining
27:51 Caravan
28:23 Coinage
36:27 Imperial Age
36:30 Ballistics
38:44 Elite Woad Raider
39:43 Forging
39:33 Scale Mail Armor
39:17 Heavy Scorpion
42:01 Chain Mail Armor
42:25 Iron Casting
42:54 Chemistry
43:15 Pikeman
43:41 Gambesons
45:13 Halberdier
Jairzin
13:35 Feudal Age
13:59 Horse Collar
14:07 Double-Bit Axe
18:43 Castle Age
16:53 Stone Mining
19:54 Bow Saw
19:48 Heavy Plow
24:40 Loom
27:50 Gold Mining
29:01 Wheelbarrow
29:19 Gold Shaft Mining
30:41 Hand Cart
33:35 Imperial Age
31:25 Fervor
32:00 Forging
31:32 Treadmill Crane
32:13 Ballistics
33:25 Iron Casting
32:51 Scale Mail Armor
32:52 Town Watch
34:07 Chain Mail Armor
33:43 Fletching
33:40 Arson
33:55 Squires
33:36 Elite Jaguar Warrior
34:37 Garland Wars
34:38 Conscription
34:30 Siege Engineers
35:33 Blast Furnace
35:19 Plate Mail Armor
35:06 Heated Shot
35:55 Crop Rotation
35:29 Bodkin Arrow
36:50 Bracer
64:08 Eagle Warrior
66:08 Elite Eagle Warrior
66:49 Pikeman
67:41 Atlatl
Connection lost

Rejoining the realm…

Still unreachable

The connection could not be restored.

Session expired

The server has moved on; the page needs a fresh start.